3R
FRANKLIN FIRE @ BALLARD BEAVERS
08/09/2033
 
TOP OF THE 1ST
Franklin Fire batting - Pitching for Ballard Beavers : LHP Mark Smith
Pitching: LHP Mark Smith
Batting: LHB Mitchell Pate 0-0: Fly out, F7 (Flyball, 78S)
Batting: RHB Djakapura Makanamaikai 0-0: Ball
1-0: Swinging Strike
1-1: Called Strike
1-2: Foul Ball, location: 2F
1-2: Ball
2-2: Ground out 6-3 (Groundball, 6S)
Batting: SHB Govaart Baars 0-0: Ball
1-0: Ground out U3 (Groundball, 3)
Top of the 1st over - 0 runs, 0 hits, 0 errors, 0 left on base; Franklin 0 - Ballard 0
BOTTOM OF THE 1ST
Ballard Beavers batting - Pitching for Franklin Fire : RHP Rich Young
Pitching: RHP Rich Young
Batting: RHB Bob Smelcer 0-0: Swinging Strike
0-1: Foul Ball, location: 2F
0-2: Ball
1-2: Ball
2-2: Foul Ball, location: 2F
2-2: Strikes out swinging
Batting: RHB Tony Hernández 0-0: Ball
1-0: SINGLE (Line Drive, 89M)
Batting: RHB Clarence Coffin 0-0: Ball
1-0: Fly out, F9 (Flyball, 9D)
Batting: RHB Cornelius Adkison 0-0: Ball
1-0: Called Strike
1-1: Called Strike
1-2: Ball
2-2: Foul Ball, location: 2F
2-2: Foul Ball, location: 2F
2-2: Strikes out looking
Bottom of the 1st over - 0 runs, 1 hit, 0 errors, 1 left on base; Franklin 0 - Ballard 0
TOP OF THE 2ND
Franklin Fire batting - Pitching for Ballard Beavers : LHP Mark Smith
Batting: RHB Peter Holland 0-0: Foul Ball, location: 2F
0-1: Foul Ball, location: 2F
0-2: Ball
1-2: Ball
2-2: Ball
3-2: Foul Ball, location: 2F
3-2: Ground out 5-3 (Groundball, 56)
Batting: RHB Thomas Flyer 0-0: Called Strike
0-1: Ball
1-1: Ball
2-1: Ground out 5-3 (Groundball, 56)
Batting: LHB Wilson Hernández 0-0: Foul Ball, location: 2F
0-1: Called Strike
0-2: Fly out, F5 (Popup, 25)
Top of the 2nd over - 0 runs, 0 hits, 0 errors, 0 left on base; Franklin 0 - Ballard 0
BOTTOM OF THE 2ND
Ballard Beavers batting - Pitching for Franklin Fire : RHP Rich Young
Batting: SHB Alberto González 0-0: Ball
1-0: Ball
2-0: Called Strike
2-1: Swinging Strike
2-2: SINGLE (Groundball, 34S) (infield hit)
Batting: LHB Gabriel Montoya 0-0: Ball
1-0: Fly out, F8 (Flyball, 89S)
Batting: RHB Jim Herries 0-0: Ball
1-0: SINGLE (Line Drive, 4D)
Alberto González to second
Batting: RHB Juan Jose Guerrero 0-0: Ball
1-0: Swinging Strike
1-1: Ball
2-1: Fly out, F9 (Flyball, 9LSF)
Batting: SHB Rafael Bregonzi 0-0: Foul Ball, location: 2F
0-1: SINGLE (Flyball, 9LS)
Alberto González to third
Jim Herries to second
Runner from 3rd tries for Home, SAFE, no throw
Batting: RHB Bob Smelcer 0-0: Foul Ball, location: 2F
0-1: Foul Ball, location: 2F
0-2: Ball
1-2: Foul Ball, location: 2F
1-2: Ground out 5-3 (Groundball, 56S)
Bottom of the 2nd over - 1 run, 3 hits, 0 errors, 2 left on base; Franklin 0 - Ballard 1
TOP OF THE 3RD
Franklin Fire batting - Pitching for Ballard Beavers : LHP Mark Smith
Batting: RHB Ricardo Cardona 0-0: Called Strike
0-1: Fly out, F7 (Flyball, 78M)
Batting: LHB Kent Maxwell 0-0: Foul Ball, location: 2F
0-1: Ball
1-1: Called Strike
1-2: Foul Ball, location: 2F
1-2: Ball
2-2: Fly out, F9 (Flyball, 89D)
Batting: RHB Dan Lewis 0-0: Ball
1-0: Ground out 3-1 (Groundball, 34)
Top of the 3rd over - 0 runs, 0 hits, 0 errors, 0 left on base; Franklin 0 - Ballard 1
BOTTOM OF THE 3RD
Ballard Beavers batting - Pitching for Franklin Fire : RHP Rich Young
Batting: RHB Tony Hernández 0-0: Reached on error, E4 (Popup, 4M)
Batting: RHB Clarence Coffin 0-0: Swinging Strike
0-1: Fly out, F3 (Popup, 3L)
Batting: RHB Cornelius Adkison 0-0: Called Strike
0-1: Foul Ball, location: 2F
0-2: Ball
1-2: Fly out, F8 (Flyball, 8RM)
Batting: SHB Alberto González 0-0: Ball
1-0: Fly out, F7 (Flyball, 78D)
Bottom of the 3rd over - 0 runs, 0 hits, 1 error, 1 left on base; Franklin 0 - Ballard 1
TOP OF THE 4TH
Franklin Fire batting - Pitching for Ballard Beavers : LHP Mark Smith
Batting: LHB Mitchell Pate 0-0: Ball
1-0: Ball
2-0: Ball
3-0: Base on Balls
Batting: RHB Djakapura Makanamaikai 0-0: Grounds into double play, 1-6-3 (Groundball, 13)
Batting: SHB Govaart Baars 0-0: Ball
1-0: Ground out 6-3 (Groundball, 6)
Top of the 4th over - 0 runs, 0 hits, 0 errors, 0 left on base; Franklin 0 - Ballard 1
BOTTOM OF THE 4TH
Ballard Beavers batting - Pitching for Franklin Fire : RHP Rich Young
Batting: LHB Gabriel Montoya 0-0: Called Strike
0-1: Called Strike
0-2: Ball
1-2: Foul Ball, location: 2F
1-2: Strikes out looking
Batting: RHB Jim Herries 0-0: Ball
1-0: Called Strike
1-1: SINGLE (Groundball, 4D)
Batting: RHB Juan Jose Guerrero 0-0: Foul Ball, location: 2F
0-1: Foul Ball, location: 2F
0-2: Foul Ball, location: 2F
0-2: Fly out, F7 (Flyball, 78XD)
Batting: SHB Rafael Bregonzi 0-0: Called Strike
0-1: Foul Ball, location: 2F
0-2: Foul Ball, location: 2F
0-2: Strikes out swinging
Bottom of the 4th over - 0 runs, 1 hit, 0 errors, 1 left on base; Franklin 0 - Ballard 1
TOP OF THE 5TH
Franklin Fire batting - Pitching for Ballard Beavers : LHP Mark Smith
Batting: RHB Peter Holland 0-0: Foul Ball, location: 2F
0-1: Called Strike
0-2: Strikes out looking
Batting: RHB Thomas Flyer 0-0: Ball
1-0: Swinging Strike
1-1: SINGLE (Line Drive, 3D)
Batting: LHB Wilson Hernández 0-0: Ball
1-0: SINGLE (Groundball, 4D)
Thomas Flyer to second
Runner from 2nd tries for 3rd, SAFE, no throw
Batting: RHB Ricardo Cardona 0-0: Ball
1-0: Ball
2-0: Fly out, F7 (Flyball, 78D)
Runner from 3rd tags up, SCORES, throw made
Batting: LHB Kent Maxwell 0-0: Called Strike
0-1: Ball
Wilson Hernández is caught stealing 2nd base
Top of the 5th over - 1 run, 2 hits, 0 errors, 0 left on base; Franklin 1 - Ballard 1
BOTTOM OF THE 5TH
Ballard Beavers batting - Pitching for Franklin Fire : RHP Rich Young
Batting: RHB Bob Smelcer 0-0: Called Strike
0-1: Ground out 6-3 (Groundball, 6)
Batting: RHB Tony Hernández 0-0: Ball
1-0: Ball
2-0: Called Strike
2-1: Fly out, F7 (Line Drive, 78D)
Batting: RHB Clarence Coffin 0-0: Ball
1-0: SINGLE (Flyball, 6D)
Batting: RHB Cornelius Adkison 0-0: Swinging Strike
0-1: Ball
1-1: Called Strike
1-2: Strikes out swinging
Bottom of the 5th over - 0 runs, 1 hit, 0 errors, 1 left on base; Franklin 1 - Ballard 1
TOP OF THE 6TH
Franklin Fire batting - Pitching for Ballard Beavers : LHP Mark Smith
Batting: LHB Kent Maxwell 0-0: Ball
1-0: Foul Ball, location: 2F
1-1: Foul Ball, location: 2F
1-2: Ground out 4-3 (Groundball, 4M)
Batting: RHB Dan Lewis 0-0: Foul Ball, location: 2F
0-1: SINGLE (Groundball, 23) (infield hit)
Batting: LHB Mitchell Pate 0-0: Called Strike
0-1: Fly out, F9 (Flyball, 89S)
Batting: RHB Djakapura Makanamaikai 0-0: Ball
1-0: Ball
2-0: Foul Ball, location: 2F
2-1: Ball
3-1: Base on Balls
Dan Lewis to second
Batting: SHB Govaart Baars 0-0: Ball
1-0: Called Strike
1-1: Foul Ball, location: 2F
1-2: Ball
2-2: Fly out, F8 (Flyball, 8RXD)
Top of the 6th over - 0 runs, 1 hit, 0 errors, 2 left on base; Franklin 1 - Ballard 1
BOTTOM OF THE 6TH
Ballard Beavers batting - Pitching for Franklin Fire : RHP Rich Young
Batting: SHB Alberto González 0-0: Called Strike
0-1: Ball
1-1: Called Strike
1-2: Strikes out swinging
Batting: LHB Gabriel Montoya 0-0: Ball
1-0: Ball
2-0: Foul Ball, location: 2F
2-1: Swinging Strike
2-2: Strikes out looking
Batting: RHB Jim Herries 0-0: Fly out, F3 (Popup, 3F)
Bottom of the 6th over - 0 runs, 0 hits, 0 errors, 0 left on base; Franklin 1 - Ballard 1
TOP OF THE 7TH
Franklin Fire batting - Pitching for Ballard Beavers : LHP Mark Smith
Batting: RHB Peter Holland 0-0: Ball
1-0: Swinging Strike
1-1: Foul Ball, location: 2F
1-2: Foul Ball, location: 2F
1-2: Ball
2-2: Foul Ball, location: 2F
2-2: Ground out 6-3 (Groundball, 6)
Batting: RHB Thomas Flyer 0-0: Ball
1-0: SINGLE (Flyball, 89S)
Batting: LHB Wilson Hernández 0-0: Ball
1-0: Called Strike
1-1: Fly out, F7 (Line Drive, 7)
Batting: RHB Ricardo Cardona 0-0: Foul Ball, location: 2F
0-1: Ball
1-1: Ball
2-1: Foul Ball, location: 2F
2-2: SINGLE (Line Drive, 56D)
Thomas Flyer to second
Pinch Hitting: RHB Tom Winner 0-0: Ball
1-0: Called Strike
1-1: SINGLE (Line Drive, 9LM)
Thomas Flyer to third
Ricardo Cardona to second
Pitching: RHP Yajirobei Matsumoto
Batting: RHB Dan Lewis 0-0: Called Strike
0-1: Ball
1-1: Swinging Strike
1-2: Foul Ball, location: 2F
1-2: Ball
2-2: Strikes out looking
Top of the 7th over - 0 runs, 3 hits, 0 errors, 3 left on base; Franklin 1 - Ballard 1
BOTTOM OF THE 7TH
Ballard Beavers batting - Pitching for Franklin Fire : RHP Rich Young
Now at 1B: Tom Winner
Batting: RHB Juan Jose Guerrero 0-0: Ball
1-0: Called Strike
1-1: Ground out 5-3 (Groundball, 5L)
Batting: SHB Rafael Bregonzi 0-0: SOLO HOME RUN (Flyball, 9LD), Distance : 357 ft
Batting: RHB Bob Smelcer 0-0: Ball
1-0: Foul Ball, location: 2F
1-1: Swinging Strike
1-2: Ball
2-2: Ball
3-2: Base on Balls
Batting: RHB Tony Hernández 0-0: DOUBLE (Flyball, 89D)
Bob Smelcer to third
Batting: RHB Clarence Coffin 0-0: Ball
1-0: SINGLE (Groundball, 34D)
Bob Smelcer scores
Tony Hernández to third
Runner from 3rd tries for Home, SAFE, no throw
Batting: RHB Cornelius Adkison 0-0: Ball
1-0: Ball
2-0: Ball
3-0: Called Strike
3-1: Foul Ball, location: 2F
3-2: Base on Balls
Clarence Coffin to second
Batting: SHB Alberto González 0-0: Called Strike
0-1: Fly out, F8 (Flyball, 8LD)
Batting: LHB Gabriel Montoya 0-0: Ball
1-0: Ball
2-0: Foul Ball, location: 2F
2-1: Foul Ball, location: 2F
2-2: Ball
3-2: Ground out 4-3 (Groundball, 4S)
Bottom of the 7th over - 3 runs, 3 hits, 0 errors, 2 left on base; Franklin 1 - Ballard 4
TOP OF THE 8TH
Franklin Fire batting - Pitching for Ballard Beavers : RHP Yajirobei Matsumoto
Batting: LHB Mitchell Pate 0-0: Ball
1-0: Called Strike
1-1: Ball
2-1: Ball
3-1: Fly out, F8 (Flyball, 8RM)
Batting: RHB Djakapura Makanamaikai 0-0: Ball
1-0: Called Strike
1-1: SOLO HOME RUN (Flyball, 7D), Distance : 410 ft
Batting: SHB Govaart Baars 0-0: Ball
1-0: Ball
2-0: Ball
3-0: Called Strike
3-1: Foul Ball, location: 2F
3-2: Strikes out swinging
Batting: RHB Peter Holland 0-0: Foul Ball, location: 2F
0-1: Fly out, F8 (Flyball, 8LXD)
Top of the 8th over - 1 run, 1 hit, 0 errors, 0 left on base; Franklin 2 - Ballard 4
BOTTOM OF THE 8TH
Ballard Beavers batting - Pitching for Franklin Fire : RHP Rich Young
Batting: RHB Jim Herries 0-0: Swinging Strike
0-1: Ball
1-1: Ball
2-1: Foul Ball, location: 2F
2-2: Ball
3-2: Fly out, F4 (Popup, 34)
Batting: RHB Juan Jose Guerrero 0-0: Called Strike
0-1: Ball
1-1: Swinging Strike
1-2: Strikes out looking
Batting: SHB Rafael Bregonzi 0-0: Fly out, F4 (Line Drive, 4)
Bottom of the 8th over - 0 runs, 0 hits, 0 errors, 0 left on base; Franklin 2 - Ballard 4
TOP OF THE 9TH
Franklin Fire batting - Pitching for Ballard Beavers : RHP Yajirobei Matsumoto
Now at C: Reynaldo Torres
Batting: RHB Thomas Flyer 0-0: Ball
1-0: Called Strike
1-1: Foul Ball, location: 2F
1-2: Ball
2-2: Strikes out swinging
Batting: LHB Wilson Hernández 0-0: Ground out 1-3 (Groundball, 13)
Batting: RHB Ricardo Cardona 0-0: Ball
1-0: Ball
2-0: Ball
3-0: Base on Balls
Batting: RHB Tom Winner 0-0: Foul Ball, location: 2F
0-1: Foul Ball, location: 2F
0-2: Strikes out looking
Top of the 9th over - 0 runs, 0 hits, 0 errors, 1 left on base; Franklin 2 - Ballard 4
Saturday, December 22nd, 2018 - OOTP Baseball 18.8 Build 76